 Dungeon Crawl Stone Soup version 0.32-a0-961-gd60f5e5fc7 (webtiles) character file.

Game seed: 2070053598923671171

1030 Gadrel the Covert (level 8, 41/41 HPs)
             Began as a Felid Delver on Apr 17, 2024.
             Was a Follower of Sif Muna.
             Quit the game on level 5 of the Dungeon.
             The game lasted 00:18:04 (4593 turns).

Gadrel the Covert (Felid Delver)                    Turns: 4593, Time: 00:18:05

Health: 41/41      AC:  2    Str:  8    XL:     8   Next: 3%
Magic:  13/13      EV: 18    Int: 16    God:    Sif Muna [*.....]
Gold:   316        SH:  0    Dex: 24    Spells: 9/13 levels left
                                        Lives:  1   Deaths: 1

rFire   . .          .
                       - Unarmed
rCold   . . .        (shield unavailable)
rNeg    + . .        (body armour unavailable)
rPois   .            (helmet unavailable)
rElec   .            (cloak unavailable)
rCorr   .            (gloves unavailable)
SInv    +            (boots unavailable)
Will    +....        (no amulet)
Stlth   ++++         e - ring of positive energy {rN+}
HPRegen 0.26/turn    l - +6 ring of dexterity
MPRegen 0.13/turn

%: no passive effects
@: no status effects
A: very small, claws 1, fangs 3, see invisible, shaggy fur 2, stealthy paws, no
weapons or thrown items, no armour, multi-lived
a: Renounce Religion, Channel Magic


You were on level 5 of the Dungeon.
You worshipped Sif Muna.
Sif Muna was aware of your devotion.
You visited 1 branch of the dungeon, and saw 6 of its levels.

You collected 316 gold pieces.

Inventory:

Missiles
 w - a throwing net {!d}
Jewellery
 e - a ring of positive energy (left paw) {rN+}
   (You found it on level 2 of the Dungeon)
 l - a +6 ring of dexterity (right paw)
   (You found it on level 5 of the Dungeon)
Wands
 d - a wand of digging (7)
 j - a wand of polymorph (8)
   (You found it on level 5 of the Dungeon)
Scrolls
 a - 4 scrolls of fog
 b - 2 scrolls of revelation
 c - a scroll of noise {unknown}
 h - a scroll of amnesia
 m - a scroll of poison {unknown}
 n - a scroll of enchant weapon {unknown}
 q - a scroll of teleportation {unknown}
 y - a scroll of blinking {unknown}
 E - 2 scrolls of fear
 V - a scroll of vulnerability {!r!r}
Potions
 f - a potion of enlightenment {unknown}
 g - 2 potions of curing {unknown}
 k - 3 potions of magic {unknown}
 o - a potion of might {unknown}
 p - a potion of degeneration {unknown}
 s - a potion of cancellation {unknown}
 t - a potion of attraction {unknown}
 u - a potion of lignification {unknown}
 H - a potion of haste
 N - a potion of heal wounds {@q2}


   Skills:
 + Level 3.6 Fighting
 - Level 3.0 Dodging
 - Level 8.0 Stealth
 - Level 4.0 Unarmed Combat
 - Level 3.0 Spellcasting
 - Level 6.0 Ice Magic
 - Level 1.0 Evocations


You had 9 spell levels left.
You knew the following spells:

 Your Spells              Type           Power      Damage    Failure   Level
a - Freeze                Ice            84%        1d9       1%          1
b - Frozen Ramparts       Ice            42%        1d7       4%          3

Your spell library contained the following spells:

 Spells                   Type           Power      Damage    Failure   Level
 Hailstorm                Conj/Ice       12%        3d6       16%         3


Dungeon Overview and Level Annotations

Branches:
Dungeon (6/15)             Temple (0/1) D:4

Altars:
Cheibriados
Gozag
Sif Muna
Uskayaw


Innate Abilities, Weirdness & Mutations

You have sharp claws.
You have razor-sharp teeth.
You have supernaturally acute eyesight. (SInv)
You are covered in thick fur. (AC +2)
Your paws help you pounce on unaware monsters.
You are incapable of wielding weapons or throwing items.
You cannot wear armour.
You gain extra lives every three experience levels.


Message History

a +0 ring mail; a +0 club; an orc skeleton
There is a stone staircase leading down here.
What are your orders? t - Meow!
Orders for allies: a - Attack new target. r - Retreat! s - Stop attacking. g - Guard the area. f - Follow me.
Anything else - Cancel.
You meow for attention!
What are your orders? t - Meow!
Orders for allies: a - Attack new target. r - Retreat! s - Stop attacking. g - Guard the area. f - Follow me.
Anything else - Cancel.
You meow for attention!
What are your orders? t - Meow!
Orders for allies: a - Attack new target. r - Retreat! s - Stop attacking. g - Guard the area. f - Follow me.
Anything else - Cancel.
You meow for attention!
There is a stone staircase leading down here.
You climb downwards.
The ice beast closely misses you.
A sky beast comes into view.
The ice beast barely misses you.
There is a stone staircase leading up here.
The ice beast hits you. The ice beast freezes you!
You climb upwards.
There is a stone staircase leading down here.
You take 18 damage, and have 23/41 hp.
MASSIVE DAMAGE!!
Unknown command.
Press: ? - help, Shift-Dir - straight line, f - ice beast
Aim: an ice beast (will become a crocodile, a sky beast, or an acid dragon, chance to affect: 50%)
Okay, then.
Unknown command.
Unknown command.
Unknown command.
Unknown command.
Okay, then.
Okay, then.
Read: 2 scrolls of fear
Press: ? - help, Dir - look around, f - activate Look: an ice beast (chance to affect: 97%)
Okay, then.
Unknown command.
Unknown command.
You scratch the ice beast but do no damage.
The ice beast closely misses you.
Press: ? - help, v - describe, . - travel
Here: an ice beast The floor.
Unknown command.
You scratch the ice beast. You bite the ice beast. The ice beast misses you.
You closely miss the ice beast.
You bite the ice beast, but do no damage.
You barely miss the ice beast. The ice beast closely misses you.
You scratch the ice beast. The ice beast closely misses you.
You scratch the ice beast.
You bite the ice beast, but do no damage.
The ice beast closely misses you.
You barely miss the ice beast. The ice beast hits you.
The ice beast freezes you!
You take 7 damage, and have 17/41 hp.
You barely miss the ice beast. The ice beast completely misses you.
You barely miss the ice beast. The ice beast barely misses you.
You scratch the ice beast. The ice beast misses you.
You closely miss the ice beast. The ice beast hits you.
The ice beast freezes you!
* * * LOW HITPOINT WARNING * * *
You take 14 damage, and have 3/41 hp.
MASSIVE DAMAGE!!
You feel much better. The ice beast closely misses you.
You regained 22 hp, and now have 25/41 hp.
You scratch the ice beast but do no damage.
The ice beast hits you. The ice beast freezes you!
You take 12 damage, and have 13/41 hp.
MASSIVE DAMAGE!!
You scratch the ice beast but do no damage.
You bite the ice beast. The ice beast hits you.
* * * LOW HITPOINT WARNING * * *
The ice beast freezes you.
* * * LOW HITPOINT WARNING * * *
You take 7 damage, and have 6/41 hp.
Unknown command.
You scratch the ice beast but do no damage.
The ice beast barely misses you.
You closely miss the ice beast.
You claw the ice beast, but do no damage.
The ice beast barely misses you.
You scratch the ice beast but do no damage.
The ice beast closely misses you.
You scratch the ice beast. The ice beast hits you.
* * * LOW HITPOINT WARNING * * *
The ice beast freezes you!
You die...
You rejoin the land of the living...
Health restored: 41

########
#......#
#.@....#
####
#......#
##...
#..<...#
##....
#......#
#.....
#....[.#
#.....
###..###
#.....
#[[.#
##....
#.#.#
#.....
#.#.##
#.....


There were no monsters in sight!

Vanquished Creatures
  A hornet (D:5)
  Grinder (D:5)
  An ice beast (D:6)
  2 phantoms (D:5)
  A killer bee (D:5)
  A howler monkey (D:5)
  A jelly (D:6)
  A bombardier beetle (D:3)
  An orc priest (D:5)
  2 orc wizards (D:5)
  7 adders
  7 dart slugs
  2 ribbon worms (D:2)
  9 orcs
  6 bats
  5 endoplasms
  4 giant cockroaches
  5 hobgoblins
  3 quokkas
  9 ball pythons
  4 frilled lizards
  6 goblins
  13 kobolds
  4 rats
96 creatures vanquished.

Notes
Turn   | Place    | Note
-------+----------+-------------------------------------------
     0 | D:5      | Gadrel the Felid Delver began the quest for the Orb.
     0 | D:5      | Reached XP level 1. HP: 12/12 MP: 2/2
    12 | D:5      | Noticed a howler monkey
    37 | D:5      | Noticed an orc wizard
   125 | D:3      | Reached XP level 2. HP: 16/16 MP: 3/3
   165 | D:3      | Identified the +2 long sword of Athu {speed, rCorr}
   210 | D:2      | Reached skill level 3 in Dodging
   243 | D:2      | Learned a level 1 spell: Freeze
   719 | D:1      | Reached skill level 1 in Evocations
  1114 | D:1      | Reached XP level 3. HP: 15/20 MP: 4/4
  1566 | D:2      | Reached skill level 7 in Stealth
  1627 | D:2      | Reached skill level 1 in Spellcasting
  2221 | D:3      | Reached skill level 1 in Ice Magic
  2274 | D:3      | Reached XP level 4. HP: 24/24 MP: 6/6
  2274 | D:3      | Gained a life (2 lives remaining)
  2518 | D:3      | Reached skill level 3 in Unarmed Combat
  2673 | D:3      | Learned a level 3 spell: Frozen Ramparts
  2987 | D:3      | Found a shimmering blue altar of Sif Muna.
  2990 | D:3      | Became a worshipper of Sif Muna the Loreminder
  3127 | D:4      | Reached XP level 5. HP: 28/28 MP: 6/8
  3222 | D:4      | Found a staircase to the Ecumenical Temple.
  3398 | D:4      | Found an opulent altar of Gozag.
  3704 | D:5      | Reached skill level 2 in Spellcasting
  3704 | D:5      | Reached skill level 2 in Ice Magic
  3714 | D:5      | Noticed a phantom
  3831 | D:5      | Gained mutation: You are covered in thick fur. (AC +2)
                  | [Felid growth]
  3831 | D:5      | Reached XP level 6. HP: 10/32 MP: 0/10
  3935 | D:5      | Noticed Sigmund
  3943 | D:5      | Sigmund changed into Sigmund the killer bee
  3943 | D:5      | Noticed Sigmund
  3950 | D:5      | Killed Sigmund the killer bee
  3951 | D:5      | Reached skill level 8 in Stealth
  4030 | D:5      | Noticed Grinder
  4048 | D:5      | Reached * piety under Sif Muna
  4060 | D:6      | Noticed an ice beast
  4063 | D:6      | Reached skill level 4 in Unarmed Combat
  4066 | D:6      | HP: 8/32 [ice beast (10)]
  4069 | D:6      | Killed an ice beast
  4070 | D:6      | Reached skill level 3 in Spellcasting
  4070 | D:6      | Reached skill level 3 in Ice Magic
  4070 | D:6      | Reached XP level 7. HP: 10/36 MP: 4/12
  4097 | D:5      | Noticed a hornet
  4097 | D:5      | HP: 7/36 [orc priest/divine providence (10)]
  4174 | D:5      | Found a snail-covered altar of Cheibriados.
  4196 | D:5      | Reached skill level 4 in Ice Magic
  4221 | D:5      | Found a hide-covered altar of Uskayaw.
  4251 | D:5      | Killed a hornet
  4252 | D:5      | Reached skill level 5 in Ice Magic
  4411 | D:5      | Killed Grinder
  4412 | D:5      | Reached skill level 6 in Ice Magic
  4412 | D:5      | Reached XP level 8. HP: 41/41 MP: 13/13
  4585 | D:5      | HP: 3/41 [ice beast (14)]
  4592 | D:5      | HP: 5/41 [ice beast (2)]
  4592 | D:5      | Mangled by an ice beast
  4592 | D:5      | Lost a life (1 life remaining)
  4593 | D:5      | Quit the game

Illustrated notes

Levels and vault maps discovered:
D:1:      onia_arrival_mini_maze, layout_basic
D:2:      layout_basic
D:3:      minmay_octagon_keep, layout_basic, lemuel_blue_sif_altar
D:4:      layout_rooms, nicolae_overflow_crystal_walls,
          minmay_temple_entry_gardened_gates, minmay_crossroads
D:5:      kennysheep_slugbush, layout_rooms, jmf_multi_god_temple2,
          uniq_grinder, uniq_sigmund
D:6:      layout_basic, tso_metal_star, uniq_edmund

Skill      XL: |  1  2  3  4  5  6  7 |
---------------+----------------------+-----
Dodging        | 3 |  3.0
Evocations     | 1 |  1.0
Stealth        | 7 8 |  8.0
Spellcasting   | 1 2 3 |  3.0
Ice Magic      | 1 2 3 6 |  6.0
Unarmed Combat | 3 4 |  4.0
Fighting       | |  3.6

Action                     |  1- 3 |  4- 6 |  7- 9 || total
---------------------------+-------+-------+-------++-------
  Melee: Unarmed           |    96 |    81 |    42 ||   219
         Bite              |    13 |     5 |     5 ||    23
         Punch             |     3 |     3 |     1 ||     7
   Cast: Freeze            |     7 |    53 |     6 ||    66
         Frozen Ramparts   |       |     3 |     2 ||     5
  Evoke: Wand              |       |     4 |     2 ||     6
    Use: Scroll            |       |     6 |     1 ||     7
         Potion            |       |     1 |     2 ||     3
   Stab: Sleeping          |    18 |     7 |     1 ||    26
 Armour: Skin              |    23 |    48 |    12 ||    83
  Dodge: Dodged            |    61 |    83 |    36 ||   180

Table legend: (Time is in decaauts)
 A = Elapsed time spent in this place.
 B = Non-inter-level travel time spent in this place.
 C = Inter-level travel time spent in this place.
 D = Time resting spent in this place.
 E = Time spent auto-exploring this place.
 F = Levels seen in this place.
 G = Mean time per level.
                   A        B        C        D        E       F      G
               +--------+--------+--------+--------+--------+-----+--------+
         Total |   4591 |   4365 |    226 |    420 |   2655 |   6 |  765.2 |
       Dungeon |   4591 |   4365 |    226 |    420 |   2655 |   6 |  765.2 |
               +--------+--------+--------+--------+--------+-----+--------+

Top non-repeatable levels by time:
     D:3: 1093 daAuts
     D:2: 981 daAuts
     D:5: 931 daAuts
     D:1: 898 daAuts
     D:4: 668 daAuts
     D:6: 18 daAuts

Levels and vault maps discovered:
D:1:      onia_arrival_mini_maze, layout_basic
D:2:      layout_basic
D:3:      minmay_octagon_keep, layout_basic, lemuel_blue_sif_altar
D:4:      layout_rooms, nicolae_overflow_crystal_walls,
          minmay_temple_entry_gardened_gates, minmay_crossroads
D:5:      kennysheep_slugbush, layout_rooms, jmf_multi_god_temple2,
          uniq_grinder, uniq_sigmund
D:6:      layout_basic, tso_metal_star, uniq_edmund

Table legend: (Time is in decaauts)
 A = Elapsed time spent in this place.
 B = Non-inter-level travel time spent in this place.
 C = Inter-level travel time spent in this place.
 D = Time resting spent in this place.
 E = Time spent auto-exploring this place.
 F = Levels seen in this place.
 G = Mean time per level.
                   A        B        C        D        E       F      G
               +--------+--------+--------+--------+--------+-----+--------+
         Total |   4591 |   4365 |    226 |    420 |   2655 |   6 |  765.2 |
       Dungeon |   4591 |   4365 |    226 |    420 |   2655 |   6 |  765.2 |
               +--------+--------+--------+--------+--------+-----+--------+

Top non-repeatable levels by time:
     D:3: 1093 daAuts
     D:2: 981 daAuts
     D:5: 931 daAuts
     D:1: 898 daAuts
     D:4: 668 daAuts
     D:6: 18 daAuts

Table legend:
 A = Kills in this place as a percentage of kills in the entire game.
 B = Kills by you in this place as a percentage of kills by you in the entire game.
 C = Kills by friends in this place as a percentage of kills by friends in the entire game.
 D = Other kills in this place as a percentage of other kills in the entire game.
 E = Experience gained in this place as a percentage of experience gained in the entire game.
 F = Experience gained in this place divided by the number of levels of this place that you have seen.
                   A       B       C       D       E      F
               +-------+-------+-------+-------+-------+----------------------
         Total | 100.0 | 100.0 |   N/A |   N/A | 100.0 | 245.3
       Dungeon | 100.0 | 100.0 |   N/A |   N/A | 100.0 | 245.3
               +-------+-------+-------+-------+-------+----------------------
